 Dungeon Crawl Stone Soup version 0.27-a0-1381-g81fdcbfb23 (webtiles) character file.

Game seed: 12034722635309718172

35087 Froggeryz the Unseen (level 13, -8/86 HPs)
             Began as an Octopode Berserker on June 30, 2021.
             Was the Champion of Trog.
             Mangled by a black mamba (11 damage)
             ... on level 5 of the Lair of Beasts.
             The game lasted 00:22:54 (15205 turns).

Froggeryz the Unseen (Octopode Berserker)          Turns: 15205, Time: 00:22:54

Health: -8/86      AC:  3    Str: 16    XL:     13   Next: 81%
Magic:  13/13      EV: 25    Int: 16    God:    Trog [******]
Gold:   617        SH:  5    Dex: 16    Spells: 12/12 levels left

rFire    + . .     SeeInvis .   G - +2 short sword (venom)
rCold    + . .     Faith    .   F - +0 buckler
rNeg     . . .     Spirit   .   E - +2 hat
rPois    +         Reflect  .   z - amulet of regeneration
rElec    +         Harm     .   j - ring of willpower
rCorr    +         Rampage  .   k - ring of flight
Will     +....                  t - +4 ring of evasion
Stlth    ++++++++..             u - +6 ring of intelligence
HPRegen  1.24/turn              (no ring)
MPRegen  0.13/turn              (no ring)
                                (no ring)
                                (no ring)

@: lethally poisoned (-8 -> -10), resistant, on berserk cooldown, flying,
slowed, very slow
A: almost no armour, amphibious, 8 rings, camouflage 1, gelatinous body 1,
(nimble swimmer 1), tentacles
a: Renounce Religion, Berserk, Trog's Hand, Brothers in Arms


You were on level 5 of the Lair of Beasts.
You worshipped Trog.
Trog was exalted by your worship.
You visited 2 branches of the dungeon, and saw 13 of its levels.

You collected 866 gold pieces.
You spent 249 gold pieces at shops.

Inventory:

Hand Weapons
 G - a +2 short sword of venom (weapon)
Missiles
 c - 59 poisoned darts (quivered)
 g - 12 boomerangs
 I - 2 curare-tipped darts
Armour
 E - a +2 hat (worn)
 F - a +0 buckler (worn)
Jewellery
 j - a ring of willpower (left tentacle)
 k - a ring of flight (right tentacle)
 t - a +4 ring of evasion (on tentacle)
 u - a +6 ring of intelligence (on tentacle)
 x - a ring of fire
 z - an amulet of regeneration (around mantle)
Wands
 w - a wand of paralysis (5)
 D - a wand of flame (21)
 K - a wand of acid (10)
 L - a wand of mindburst (12)
Scrolls
 b - 4 scrolls of teleportation
 d - 3 scrolls of immolation
 e - 2 scrolls of torment {unknown}
 f - 2 scrolls of fear {unknown}
 i - 4 scrolls of fog
 l - a scroll of summoning
 n - a scroll of holy word
 y - 4 scrolls of identify
 C - a scroll of enchant weapon
 H - a scroll of blinking {unknown}
Potions
 a - 2 potions of lignification {unknown}
 h - 3 potions of might {unknown}
 m - 3 potions of curing {unknown}
 o - a potion of experience {unknown}
 p - 2 potions of flight {unknown}
 q - a potion of invisibility {unknown}
 r - a potion of attraction {unknown}
 s - a potion of resistance
 v - 3 potions of ambrosia {unknown}
 A - 3 potions of haste
 B - a potion of heal wounds {unknown}
 J - a potion of degeneration {unknown}


   Skills:
 - Level 7.1 Fighting
 - Level 10.5 Short Blades
 + Level 14.0 Dodging
 * Level 18.0 Stealth
 - Level 4.2 Shields


You had 12 spell levels left.
You didn't know any spells.
Your spell library was empty.

Dungeon Overview and Level Annotations

Branches:
Dungeon (8/15)             Temple (0/1) D:4            Lair (5/6) D:8
  Swamp (0/4) Lair:2       Spider (0/4) Lair:2        Slime (0/5) Lair:5

Altars:
Elyvilon
Trog

Shops:
D:8 *

Annotations:
Lair:5 1 transporter


Innate Abilities, Weirdness & Mutations

You cannot wear most types of armour.
You are amphibious.
You can wear up to eight rings at the same time.
Your skin changes colour to match your surroundings (Stealth+).
Your rubbery body absorbs attacks. (AC +1, EV +1)
((You are camouflaged near water. (Stealth+)))
You have tentacles for arms and can constrict up to eight enemies at once.


Message History

The swamp dragon is almost dead.
You constrict the black mamba.
You feel very sick. The black mamba closely misses you.
The swamp dragon bites you! You block the swamp dragon's attack.
The swamp dragon misses you. The black mamba bites you.
You puncture the swamp dragon!
You kill the swamp dragon!
Trog accepts your kill. Something appears before you!
You see here a +2 antimagic dagger.
Trog grants you a weapon!
You constrict the black mamba, but do no damage.
You feel very sick. The cane toad stings you!!
* * * LOW HITPOINT WARNING * * *
The black mamba completely misses you.
Your Dodging skill increases to level 14!
Your Stealth skill increases to level 18!
You release your grip on the black mamba.
You feel very sick. The black mamba completely misses you.
The black mamba misses you.
You feel a strong urge to attack something.
You feel very sick.
You feel very sick. The black mamba closely misses you.
There is a transporter landing site here.
You feel your anger nearly subside.
You are no longer berserk.
You are exhausted.
You feel yourself slow down.
* * * LOW HITPOINT WARNING * * *
You feel very sick. The black mamba misses you.
The black mamba closely misses you.
You feel protected.
* * * LOW HITPOINT WARNING * * *
You feel very sick. You block the black mamba's attack.
The black mamba barely misses you. The black mamba completely misses you.
You block the black mamba's attack. The cane toad completely misses you.
The black mamba misses you. The black mamba bites you!
You die...

......##.........................
......#P.........................
.................................
#...................#######......
.............######## ○°°°#......
##.....#.....#○○°°☼○#°°°°.#......
P#.....#.....#○°○○○○#○°°○○#......
.#..P..#.....#☼F#S#.○°○°!(#......
............©#○○@SD)○°○○}©#©.....
.............#°○#F#.☼○°°[!#......
.............#☼☼°○°°#○☼○○.#......
###...###....#○○☼○°°#○○○○○#......
#####†##.....######## ..°°#......
.##..÷###...........#######..†...
#.....................>..........
.##....##...........#.##.....<...
.#P.....#..........#.⌠.##........


You could see a swamp dragon, 2 black mambas and 2 cane toads.

Vanquished Creatures
  Gastronok (Lair:1)
  3 hydras
  3 death yaks
  A swamp dragon (Lair:5)
  A bog body (Lair:2)
  9 elephants
  5 black mambas
  A torpor snail (Lair:3)
  7 cane toads
  4 rime drakes
  6 komodo dragons
  2 jumping spiders (Lair:2)
  2 polar bears (Lair:5)
  Prince Ribbit (D:5)
  A dream sheep (Lair:5)
  21 blink frogs
  A vampire (D:7)
  53 yaks
  2 wyverns (Lair:5)
  2 basilisks
  Menkaure (D:6)
  A swamp worm (Lair:2)
  Edmund (D:6)
  An acid dragon (D:8)
  4 water moccasins
  2 orc warriors (D:8)
  A sky beast (D:7)
  A black bear (D:6)
  4 ice beasts
  2 ogres
  A centaur (D:6)
  6 wolves (Lair:5)
  A phantom (D:7)
  12 bullfrogs
  A gnoll sergeant (D:5)
  A wyvern zombie (D:8)
  A water moccasin zombie (D:5)
  A scorpion (D:4)
  5 wights (D:5)
  A howler monkey (D:8)
  A bullfrog zombie (D:5)
  A centaur zombie (D:7)
  13 orc priests
  5 jellies
  3 bullfrog skeletons
  2 gnoll shamans
  2 hounds
  5 iguanas
  7 orc wizards
  4 hell rats (Lair:4)
  A killer bee zombie (D:7)
  A howler monkey zombie (D:5)
  14 gnolls
  10 adders
  A worm (D:2)
  4 dart slugs
  35 orcs
  2 endoplasms (D:1)
  5 giant cockroaches
  6 goblins
  9 hobgoblins
  7 jackals
  5 quokkas
  7 ball pythons
  5 bats
  A frilled lizard (D:1)
  6 kobolds
  6 rats
342 creatures vanquished.

Vanquished Creatures (collateral kills)
  6 dream sheep (Lair:5)
6 creatures vanquished.

Vanquished Creatures (others)
  4 fungi
  5 plants
9 creatures vanquished.

Grand Total: 357 creatures vanquished

Notes
Turn   | Place    | Note
-------+----------+-------------------------------------------
     0 | D:1      | Froggeryz the Octopode Berserker began the quest for the
                  | Orb.
     0 | D:1      | Reached XP level 1. HP: 16/16 MP: 1/1
    70 | D:1      | Found a faded altar of an unknown god.
    84 | D:1      | Reached skill level 1 in Stealth
    90 | D:1      | Reached XP level 2. HP: 15/21 MP: 2/2
   723 | D:1      | Reached XP level 3. HP: 26/26 MP: 3/3
   760 | D:1      | Reached skill level 2 in Stealth
   769 | D:1      | Reached ** piety under Trog
  1189 | D:2      | Found a white marble altar of Elyvilon.
  1505 | D:3      | Noticed an ice beast
  1513 | D:3      | Reached XP level 4. HP: 31/31 MP: 4/4
  1521 | D:3      | Killed an ice beast
  1522 | D:3      | Reached skill level 5 in Short Blades
  1522 | D:3      | Reached skill level 3 in Stealth
  1522 | D:3      | Reached XP level 5. HP: 36/36 MP: 5/5
  1696 | D:3      | Found a bloodstained altar of Trog.
  1743 | D:3      | Reached skill level 4 in Stealth
  1848 | D:3      | Reached XP level 6. HP: 42/42 MP: 6/6
  1956 | D:3      | Reached *** piety under Trog
  2540 | D:4      | Reached skill level 5 in Stealth
  2930 | D:4      | Found a staircase to the Ecumenical Temple.
  2930 | D:4      | Noticed an ice beast
  2933 | D:4      | Killed an ice beast
  2934 | D:4      | Reached XP level 7. HP: 46/46 MP: 7/7
  3296 | D:5      | Entered Level 5 of the Dungeon
  3307 | D:5      | Reached skill level 6 in Stealth
  3804 | D:5      | Noticed Prince Ribbit
  3811 | D:5      | Killed Prince Ribbit
  3812 | D:5      | Reached XP level 8. HP: 52/52 MP: 8/8
  3835 | D:5      | Reached skill level 7 in Stealth
  4274 | D:5      | Reached **** piety under Trog
  4894 | D:5      | Reached skill level 8 in Stealth
  5673 | D:6      | Reached skill level 9 in Stealth
  5673 | D:6      | Reached XP level 9. HP: 42/56 MP: 9/9
  5706 | D:6      | Noticed Menkaure
  5725 | D:6      | Killed Menkaure
  5848 | D:6      | Reached skill level 10 in Short Blades
  6171 | D:6      | Reached ***** piety under Trog
  6255 | D:6      | Noticed Edmund
  6275 | D:6      | Killed Edmund
  6517 | D:6      | Reached skill level 10 in Stealth
  7305 | D:7      | Reached skill level 5 in Dodging
  7949 | D:8      | Reached XP level 10. HP: 57/65 MP: 10/10
  8005 | D:8      | Noticed a death yak
  8006 | D:8      | Noticed a death yak
  8055 | D:7      | Killed a death yak
  8056 | D:7      | Reached skill level 5 in Fighting
  8341 | D:8      | Killed a death yak
  8544 | D:8      | Noticed a death yak
  8644 | D:8      | Killed a death yak
  8772 | D:8      | Found a staircase to the Lair.
  8793 | D:8      | Paralysed by a gnoll for 6 turns
  9445 | D:8      | Found Jeriss's Serpentskin Sales.
  9739 | Lair:1   | Entered Level 1 of the Lair of Beasts
  9764 | Lair:1   | Reached XP level 11. HP: 74/74 MP: 11/11
  9955 | Lair:1   | Reached skill level 10 in Dodging
 10172 | Lair:1   | Reached skill level 11 in Stealth
 10287 | Lair:1   | Noticed Gastronok
 10309 | Lair:1   | Killed Gastronok
 10426 | Lair:1   | Reached skill level 12 in Stealth
 10748 | Lair:2   | Reached XP level 12. HP: 81/81 MP: 12/12
 11020 | Lair:2   | Found a hole to the Spider Nest.
 11153 | D:8      | Bought a +2 short sword of venom for 249 gold pieces
 11238 | Lair:2   | Reached skill level 1 in Shields
 11756 | Lair:2   | Found a staircase to the Swamp.
 12078 | Lair:3   | Identified the +1 robe of Sediv {+Inv rF+ rN+ Str-3}
 12159 | Lair:3   | Noticed a four-headed hydra
 12173 | Lair:3   | Killed a four-headed hydra
 12174 | Lair:3   | Reached skill level 13 in Stealth
 12297 | Lair:3   | Noticed a five-headed hydra
 12302 | Lair:3   | Killed a five-headed hydra
 12330 | Lair:3   | Reached skill level 14 in Stealth
 12348 | Lair:3   | Received a gift from Trog
 12490 | Lair:2   | Reached skill level 15 in Stealth
 12590 | Lair:3   | Reached XP level 13. HP: 86/86 MP: 13/13
 13369 | Lair:4   | Reached ****** piety under Trog
 13370 | Lair:4   | Reached skill level 16 in Stealth
 14000 | Lair:5   | Found a staircase to the Slime Pits.
 14219 | Lair:5   | Reached skill level 17 in Stealth
 14358 | Lair:5   | Found a transporter.
 14783 | Lair:5   | Found a transporter.
 15200 | Lair:5   | Received a gift from Trog
 15201 | Lair:5   | Reached skill level 18 in Stealth
 15205 | Lair:5   | HP: 3/86 [poisoned by a black mamba]
 15205 | Lair:5   | Mangled by a black mamba

Illustrated notes

Levels and vault maps discovered:
D:1:      minmay_arrival_loop, layout_loops_ring,
          hellmonk_ecumenical_altar_arch_garden
D:2:      layout_rooms, basic_altar, kennysheep_generic_room_7
D:3:      cheibrodos_pilgrimage, layout_loops_ring, lemuel_tele_altar,
          minmay_goblin_kobold_house
D:4:      layout_basic, temple_pool_b, hangedman_decor_peaks_small
D:5:      layout_basic, grunt_decor_one_mirror, uniq_prince_ribbit1
D:6:      layout_gridville, uniq_menkaure, uniq_edmund
D:7:      layout_loops_corners, chequers_serial_rivers_room_b
D:8:      layout_gridville, dpeg_lair_monsters, minmay_stone_trees_small,
          grunt_ministairs_6, guppyfry_shop_venom
Lair:1:   layout_regular_city, chequers_serial_rivers_room_a, uniq_gastronok
Lair:2:   layout_gridlike, nicolae_swamp_entry_splash_gauntlet,
          spider_nest_entry_a, serial_bayou_shore_b
Lair:3:   layout_cave_pods, minivault_27
Lair:4:   layout_cave_pods
Lair:5:   gammafunk_cloud_chamber, layout_regular_city,
          minmay_slime_entry_pillars, beast_lair_carwin_8, grunt_megastairs_3

Skill      XL: |  1  2  3  4  5  6  7  8  9 10 11 12 13 |
---------------+----------------------------------------+-----
Stealth        | 1 2 3 4 5 6 9 10 12 15 18 | 18.0
Short Blades   | 4 5 6 7 9 10 | 10.5
Dodging        | 5 9 11 13 14 | 14.0
Fighting       | 4 6 7 |  7.1
Shields        | 4 |  4.2

Action                   |  1- 3 |  4- 6 |  7- 9 | 10-12 | 13-15 || total
-------------------------+-------+-------+-------+-------+-------++-------
Melee: Short sword       |    49 |       |       |   153 |   292 ||   494
       Tentacles         |     9 |    14 |    80 |   153 |    67 ||   323
       Constrict         |    15 |    14 |    53 |    40 |    25 ||   147
       Dagger            |    22 |    68 |   320 |   379 |       ||   789
Throw: Dart              |       |       |       |    12 |       ||    12
Invok: Berserk           |       |     3 |     9 |    20 |     3 ||    35
       Trog's Hand       |       |       |       |       |     1 ||     1
       Brothers in Arms  |       |       |       |       |     1 ||     1
  Use: Scroll            |       |     3 |       |     7 |       ||    10
       Potion            |       |       |       |     1 |     1 ||     2
 Stab: Sleeping          |    18 |     8 |    16 |    19 |    33 ||    94
       Distracted        |       |       |       |     1 |     1 ||     2
Armor: Skin              |     2 |     2 |     5 |     7 |     8 ||    24
Dodge: Dodged            |    24 |    38 |   163 |   254 |   182 ||   661
Block: Buckler           |       |       |       |    27 |    51 ||    78

Table legend: (Time is in decaauts)
 A = Elapsed time spent in this place.
 B = Non-inter-level travel time spent in this place.
 C = Inter-level travel time spent in this place.
 D = Time resting spent in this place.
 E = Time spent auto-exploring this place.
 F = Levels seen in this place.
 G = Mean time per level.
                   A        B        C        D        E       F      G
               +--------+--------+--------+--------+--------+-----+--------+
         Total |  14968 |  14306 |    662 |   2696 |   9076 |  13 | 1151.4 |
       Dungeon |   9773 |   9354 |    419 |   2128 |   5815 |   8 | 1221.6 |
          Lair |   5194 |   4951 |    243 |    568 |   3261 |   5 | 1038.8 |
               +--------+--------+--------+--------+--------+-----+--------+

Top non-repeatable levels by time:
     D:5: 1832 daAuts
     D:8: 1600 daAuts
     D:7: 1381 daAuts
     D:4: 1338 daAuts
  Lair:2: 1192 daAuts
     D:6: 1129 daAuts
  Lair:1: 1090 daAuts
  Lair:5: 1086 daAuts
  Lair:3: 1017 daAuts
     D:3: 953 daAuts
     D:1: 838 daAuts
  Lair:4: 807 daAuts
     D:2: 699 daAuts
